Unix NetHack Version 5.0.0-0 post-release - last build May  4 2026 22:22:43 (774f63e81ad911689b3a0859ea89b322d5daca8d,branch:main).

Game began 2026-05-07 06:57:47, ended 2026-05-07 08:42:02.

1212468021121, neutral female gnomish Archeologist

                                                             --------
                                                           ##-......|
                                                           # |......|
                               #########B@###################+......|
            -------------####### -------------           #   |....<.|
            |...........-#       |C.........C|     #######   |......|
            |...........|   #####......C......######         --------
            |...........|   #    |...-----...|
            |.......>...-#####   |...|.{.|...|
            |...........|        |..C.{.{|C..|
            |...........|        |...|.{.|...|
            -------------        |...-----...|
                                 |.....C.....|
                                 |C.........C|
                                 -------------

1212468021121 the Field Worker  St:13 Dx:8 Co:11 In:15 Wi:16 Ch:13  Neutral
Dlvl:5  $:50 HP:0(18) Pw:12(12) AC:9  Xp:3 T:1453 

Latest messages:
 The door opens.
 You hear a door open.
 You find a hidden passage.
 You lash the orc zombie.
 You lash the orc zombie.
 The orc zombie hits!
 You destroy the orc zombie!
 You kill the acid blob!
 You are splashed by the acid blob's acid!
 "Hello, 1212468021121, welcome to Delphi!"
 Please move the cursor to a monster, object or location.
 (For instructions type a '?')
 Please move the cursor to a monster, object or location.
 (For instructions type a '?')
 The Oracle doesn't seem to move!
 The Oracle doesn't seem to move!
 You swap places with your little dog.
 You kill the grid bug!
 The door resists!
 The door resists!
 The door opens.
 You see here a steel wand.
 x - a steel wand.
 You lash the dwarf zombie.
 You lash the dwarf zombie.
 The dwarf zombie hits!
 You destroy the dwarf zombie!
 Welcome to experience level 3.
 You miss the shrieker.
 You lash the shrieker.
 You lash the shrieker.
 You lash the shrieker.
 You miss the shrieker.
 You miss the shrieker.
 You kill the shrieker!
 You see here a scroll of identify.
 j - a scroll of identify (2 in total).
 The giant bat bites!
 The giant bat bites!
 You miss the giant bat.
 The giant bat bites!
 The giant bat bites!
 You miss the giant bat.
 The giant bat bites!
 You die...
 Do you want your possessions identified? [ynq] (y) y
 Do you want to see your attributes? [ynq] (y) y
 Do you want an account of creatures vanquished? [ynaq] (y) y
 Do you want to see your conduct and achievements? [ynq] (y) y
 Do you want to see the dungeon overview? [ynq] (y) y

Inventory:
 Coins    ('$')
  $ - 50 gold pieces
 Weapons  (')')
  t - a +0 orcish dagger
  a - a +2 bullwhip (weapon in right hand)
 Armor    ('[')
  c - an uncursed +0 fedora (being worn)
  u - an uncursed +0 orcish helm
  b - an uncursed +0 leather jacket (being worn)
 Comestibles  ('%')
  d - 3 uncursed food rations
  p - an uncursed tin of pureed goblin meat
 Scrolls  ('?')
  n - an uncursed scroll of earth
  w - an uncursed scroll of food detection
  j - 2 uncursed scrolls of identify
 Spellbooks  ('+')
  v - an uncursed spellbook of magic missile
 Potions  ('!')
  r - an uncursed potion of paralysis
  s - a cursed potion of polymorph
 Rings    ('=')
  o - an uncursed ring of free action
  k - an uncursed ring of see invisible
 Wands    ('/')
  x - a wand of cold (0:4)
 Tools    ('(')
  h - an empty uncursed sack
  q - an uncursed blindfold
  m - an uncursed leash
  e - a +0 pick-axe (alternate weapon; not wielded)
  f - a tinning kit (0:69)
 Gems/Stones  ('*')
  i - an uncursed obsidian stone
  l - an uncursed worthless piece of violet glass
  g - an uncursed touchstone

1212468021121 the Archeologist's attributes:

Background:
 You were a Field Worker, a level 3 female gnomish Archeologist.
 You were neutral, nominally on a mission for Camaxtli
 who was opposed by Quetzalcoatl (lawful) and Huhetotl (chaotic).
 You were right-handed.
 You were in the Dungeons of Doom, on level 5.
 You entered the dungeon 1453 turns ago.
 You had 50 experience points, 30 more were needed to attain level 4.

Basics:
 You had 0 out of 18 hit points.
 You had all 12 energy points (spell power).
 Your armor class was 9.
 Your wallet contained 50 zorkmids.
 Autopickup was off.

Final Characteristics:
 Your strength was 13 (limit:18/50).
 Your dexterity was 8 (limit:18).
 Your constitution was 11 (limit:18).
 Your intelligence was 15 (limit:19).
 Your wisdom was 16 (limit:18).
 Your charisma was 13 (limit:18).

Final Status:
 You weren't hungry.
 You were unencumbered.
 You were wielding a whip.
 You had basic skill with whip.

Final Attributes:
 You were devoutly aligned.
 You had automatic searching.
 You had infravision.
 You were lucky.
 You are dead.

Miscellaneous:
 You didn't encounter any bones levels.
 Total elapsed playing time was 27 minutes and 42 seconds.

Major events:
 Turn
    1: 1212468021121 the neutral female gnomish Archeologist entered the dungeon
 1396: attained the rank of Field Worker (level 3)
 1453: killed by a giant bat

You didn't know any spells.

Skills:
 Fighting Skills
   bare handed combat [Unskilled]
   two weapon combat  [Unskilled]
   riding             [Unskilled]
 Weapon Skills
   dagger             [Unskilled]
   knife              [Unskilled]
   pick-axe           [Basic]
   short sword        [Unskilled]
   saber              [Unskilled]
   club               [Unskilled]
   quarterstaff       [Unskilled]
   sling              [Unskilled]
   dart               [Unskilled]
   boomerang          [Unskilled]
   whip               [Basic]
   unicorn horn       [Unskilled]
 Spellcasting Skills
   attack spells      [Unskilled]
   healing spells     [Unskilled]
   divination spells  [Unskilled]
   matter spells      [Unskilled]

Voluntary challenges:
 Character rerolling was not enabled.
 You were an atheist.
 You never genocided any monsters.
 You never polymorphed an object.
 You never changed form.
 You used no wishes.
Achievements:
 You entered a shop.
 You attained the rank of Field Worker.

 The Dungeons of Doom: levels 1 to 5
    Level 1:
       An altar to Camaxtli.
    Level 2:
       A potion shop, some fountains, a grave.
    Level 3:
    Level 4:
       A fountain.
    Level 5: <- You were here.
       Many fountains.
       Oracle of Delphi.
       Final resting place for
          you, killed by a giant bat.


Vanquished creatures:
  a shrieker
 an orc zombie
  a dwarf zombie
 an acid blob
  a large kobold
  a gecko
  5 jackals
  a fox
  a goblin
  a sewer rat
  7 grid bugs
  a lichen
  a kobold zombie
  4 newts
27 creatures vanquished.

No species were genocided or became extinct.

Game over:
                       ----------
                      /          \
                     /    REST    \
                    /      IN      \
                   /     PEACE      \
                  /                  \
                  |  1212468021121   |
                  |      50 Au       |
                  |   killed by a    |
                  |    giant bat     |
                  |                  |
                  |                  |
                  |       2026       |
                 *|     *  *  *      | *
        _________)/\\_//(\/(/\)/\//\/|_)_______

Goodbye 1212468021121 the Archeologist...

You died in The Dungeons of Doom on dungeon level 5 with 445 points,
and 50 pieces of gold, after 1453 moves.
You were level 3 with a maximum of 18 hit points when you died.

